 Dungeon Crawl Stone Soup version 0.30.1-11-g7821555f0a (webtiles) character file.

Game seed: 5650861296138831774

113 RancidPinata the Sneak (level 4, -5/33 HPs)
             Began as an Octopode Delver on Dec 29, 2023.
             Slain by an iguana (13 damage)
             ... on level 3 of the Dungeon.
             The game lasted 00:09:21 (2737 turns).

RancidPinata the Sneak (Octopode Delver)            Turns: 2737, Time: 00:09:21

Health: -5/33      AC:  1    Str: 13    XL:     4   Next: 96%
Magic:  4/4        EV: 14    Int: 12    God:
Gold:   123        SH:  0    Dex: 13    Spells: 3/3 levels left

rFire   . . .        x - +1 dagger (holy)
rCold   . . .        (no shield)
rNeg    . . .        (helmet restricted)
rPois   .            (no amulet)
rElec   .            (no ring)
rCorr   .            (no ring)
SInv    .            (no ring)
Will    .....        (no ring)
Stlth   ++++         (no ring)
HPRegen 0.25/turn    (no ring)
MPRegen 0.09/turn    (no ring)
                     (no ring)

%: no passive effects
@: no status effects
A: almost no armour, amphibious, 8 rings, camouflage 1, gelatinous body 1,
(nimble swimmer 1), tentacles
a: no special abilities


You were on level 3 of the Dungeon.
You visited 1 branch of the dungeon, and saw 6 of its levels.

You collected 123 gold pieces.

Inventory:

Hand Weapons
 l - a +0 sling
 m - a +0 trident
 n - a +0 short sword
 x - a +1 dagger of holy wrath (weapon)
Missiles
 r - 31 stones (quivered)
 y - 3 silver javelins
Wands
 a - a wand of iceblast (13)
 f - a wand of digging (3)
 v - a wand of flame (25)
Scrolls
 b - a scroll of fog
 c - 2 scrolls of magic mapping
 d - 2 scrolls of fear
 g - 4 scrolls of teleportation {unknown}
 j - 3 scrolls of identify {unknown}
 o - 4 scrolls of immolation {unknown}
 t - 2 scrolls of vulnerability {unknown}
Potions
 e - a potion of haste
 h - a potion of ambrosia {unknown}
 i - 5 potions of curing {unknown}
 k - a potion of lignification {unknown}
 p - 3 potions of invisibility {unknown}
 q - 4 potions of flight {unknown}
 s - a potion of brilliance {unknown}
 u - a potion of berserk rage {unknown}
 w - a potion of cancellation {unknown}
 z - a potion of degeneration {unknown}
 A - a potion of heal wounds {unknown}
 B - a potion of magic {unknown}


   Skills:
 * Level 3.8 Fighting
 + Level 1.0 Short Blades
 + Level 2.6 Polearms
 * Level 3.1 Dodging
 + Level 7.1 Stealth


You had 3 spell levels left.
You didn't know any spells.
Your spell library contained the following spells:

 Spells                   Type           Power      Damage    Failure   Level
 Sandblast                Erth           0%         2d4       32%         1
 Passwall                 Tmut/Erth      0%         N/A       45%         2
 Stone Arrow              Conj/Erth      0%         3d7       69%         3


Dungeon Overview and Level Annotations

Branches:
Dungeon (6/15)             Temple (0/1) D:4

Altars:
Fedhas
Zin

Annotations:
D:4 Pikel
D:5 Dowan, Duvessa


Innate Abilities, Weirdness & Mutations

You cannot wear most types of armour.
You are amphibious.
You can wear up to eight rings at the same time.
Your skin changes colour to match your surroundings (Stealth+).
Your rubbery body absorbs attacks. (AC +1, EV +1)
((You are camouflaged when in or above water. (Stealth+)))
You have tentacles for arms and can constrict up to eight enemies at once.


Message History

Found a stone staircase leading up.
The helpless ball python fails to defend itself.
You impale the ball python!!
You kill the ball python!
A lemure comes into view.
The lemure shouts!
An iguana comes into view.
A lemure comes into view.
Pikel, Merchant of Souls comes into view.
He is wielding a +2 whip of flaming.
A lemure comes into view.
Found a staircase to the Ecumenical Temple.
A lemure comes into view.
The iguana hisses angrily.
You hear a shout! x3
There is a stone staircase leading up here.
You start waiting.
An iguana is nearby!
You hit the iguana but do no damage. You grab the iguana.
You squeeze the iguana.
The iguana is moderately wounded.
You constrict the iguana, but do no damage.
The iguana bites you!
You release your grip on the iguana.
The iguana misses you.
You climb upwards.
There is a stone staircase leading down here.
You hit the iguana but do no damage. You grab the iguana.
The iguana is moderately wounded.
You constrict the iguana, but do no damage.
The iguana bites you!
You hit the iguana but do no damage. You squeeze the iguana!
The iguana is severely wounded.
You constrict the iguana, but do no damage.
The iguana barely misses you.
You hit the iguana but do no damage.
The iguana is severely wounded.
You constrict the iguana, but do no damage.
The iguana bites you.
* * * LOW HITPOINT WARNING * * *
You hit the iguana.
The iguana is severely wounded.
You constrict the iguana. The iguana bites you!
You die...

#....#.#.........# #.#
..##...#.........##########.#
..##.#...........##.........#
..##^#...#.......##.#######.#
...#.#...#.......##.# ###
##.#.#.....#.....##'#########
.#.#.#......................#
.#.#.#...####...l...........#
.#.#.#..........@...........#
.#.#.#..#......#............#
.#.#.#..#.######............#
.#.#.#..#.# #............#
.#.#.#..#.# #............#
...#.#..#.#########'#########
####.#..#.##........#
.....#..#.##........###########
######..#..+................>.#


You could see an iguana.

Vanquished Creatures
  An orc wizard (D:3)
  3 adders
  2 orcs (D:3)
  7 bats
  7 endoplasms
  3 giant cockroaches
  5 goblins
  2 hobgoblins
  4 jackals (D:1)
  5 kobolds
  3 quokkas
  6 ball pythons
  2 frilled lizards
  2 rats
52 creatures vanquished.

Notes
Turn   | Place    | Note
-------+----------+-------------------------------------------
     0 | D:5      | RancidPinata the Octopode Delver began the quest for the
                  | Orb.
     0 | D:5      | Reached XP level 1. HP: 16/16 MP: 1/1
     8 | D:6      | Noticed a gnoll bouda
    17 | D:5      | Reached XP level 2. HP: 7/21 MP: 2/2
    85 | D:5      | Found a blossoming altar of Fedhas.
    98 | D:5      | Noticed Duvessa
    98 | D:5      | Noticed Dowan
   154 | D:3      | Found a faded altar of an unknown god.
   158 | D:3      | Found a glowing silver altar of Zin.
   463 | D:3      | Reached XP level 3. HP: 22/26 MP: 3/3
   971 | D:2      | Reached skill level 7 in Stealth
   971 | D:2      | Reached XP level 4. HP: 32/32 MP: 4/4
  2218 | D:1      | Found a faded altar of an unknown god.
  2306 | D:1      | Reached skill level 1 in Short Blades
  2708 | D:4      | Noticed a lemure
  2708 | D:4      | Noticed a lemure
  2708 | D:4      | Noticed Pikel
  2709 | D:4      | Found a staircase to the Ecumenical Temple.
  2709 | D:4      | Noticed a lemure
  2709 | D:4      | Noticed a lemure
  2737 | D:3      | Slain by an iguana

Illustrated notes

Levels and vault maps discovered:
D:1:      ebering_trefoil_twist, layout_basic,
          shapermc_ecumenical_altar_notcrosses
D:2:      layout_basic, minmay_misc_feat_doors
D:3:      layout_basic, nicolae_overflow_ecumenical_swirl
D:4:      minmay_bubble_buster, layout_loops_ring, makhleb_altar_promises_db,
          minmay_temple_entry_large_hall, nicolae_shop_overcharged_wands,
          uniq_grinder, uniq_pikel
D:5:      layout_basic, nicolae_gozag_cash_rules_everything_around_me,
          fedhas_altar_2, uniq_duvessa
D:6:      layout_basic, slow_altar_1

Skill      XL: |  1  2  3  4 |
---------------+-------------+-----
Stealth        | 7 |  7.1
Dodging        | 3 |  3.1
Short Blades   | 1 |  1.0
Fighting       | |  3.8
Polearms       | |  2.6

Action                     |  1- 3 |  4- 6 || total
---------------------------+-------+-------++-------
  Melee: Spear             |     8 |       ||     8
         Trident           |    17 |       ||    17
         Tentacles         |     4 |    16 ||    20
         Constrict         |     3 |    17 ||    20
         Short sword       |     2 |    27 ||    29
         Dagger            |       |    41 ||    41
   Stab: Sleeping          |     9 |    17 ||    26
 Armour: Skin              |     3 |     3 ||     6
  Dodge: Dodged            |    10 |    36 ||    46
